 Dungeon Crawl Stone Soup version 0.30-a0-591-g3c58d2bc28 (webtiles) character file.

Game seed: 6286147186515484054

1700046 oldriver the Invulnerable (level 26, 282/282 HPs)
             Began as an Armataur Warper on Jan 6, 2023.
             Was a High Priest of Qazlal.
             Escaped with the Orb
             ... and 3 runes!
             The game lasted 02:51:38 (67886 turns).

oldriver the Invulnerable (Armataur Warper)        Turns: 67886, Time: 02:51:38

Health: 282/282    AC: 64    Str: 25    XL:     26   Next: 77%
Magic:  34/34      EV: 10    Int: 27    God:    Qazlal [*****.]
Gold:   1160       SH: 22    Dex: 22    Spells: 28/28 levels left

rFire   + + +      SeeInvis +    f - +11 flail of the Manifold Friends {freeze, rPois rC+ Str+2 Dex+3}
rCold   + + .      Faith    .    k - +0 kite shield {rN+}
rNeg    + . .      Spirit   .    N - +9 gold dragon scales
rPois   +          Reflect  .    Z - +2 helmet of Vigieg {rF+ Will+ Str-2 SInv}
rElec   +          Harm     .    I - +2 cloak of Trial and Error {rElec rF+}
rCorr   +          Roll     +    x - +2 pair of gloves {Dex+3}
Will    ++...      Clarity  +    g - +4 barding {rC+} Stlth
                                 a - amulet of regeneration
HPRegen 1.47/turn                m - ring of Free Expression {rElec rC- AC+4 Int+9 Slay+6}
MPRegen 0.24/turn                X - ring of Oxtocora {Drain rCorr Int+4 Dex+3 Slay+4}

@: studying Hexes, repel missiles
A: large, rugged brown scales 3, deformed body, armoured tail, roll, long
tongue, awkward tongue, hooves 1, iridescent scales 1, clarity, deterioration 1,
poison resistance, inability to drink after injury 1
0: Orb of Zot
}: 3/15 runes: decaying, serpentine, silver
a: Renounce Religion, Upheaval, Elemental Force, Disaster Area


You escaped.
You worshipped Qazlal.
Qazlal was extremely pleased with you.
You visited 11 branches of the dungeon, and saw 51 of its levels.
You visited the Abyss 3 times.
You visited 1 bazaar.
You also visited: Ossuary.

You collected 5662 gold pieces.
You spent 4502 gold pieces at shops.

Inventory:

Hand Weapons
 f - the +11 flail of the Manifold Friends (weapon) {freeze, rPois rC+ Str+2 Dex+3}
   (You took it off a deep elf death mage on level 2 of the Elven Halls)

   Str:       It affects your strength (+2).
   Dex:       It affects your dexterity (+3).
   rC:        It protects you from cold.
   rPois:     It protects you from poison.
Missiles
 e - 11 boomerangs (quivered)
 w - 14 atropa-tipped darts
 J - 21 curare-tipped darts
Armour
 g - a +4 barding of cold resistance (worn)
 k - a +0 kite shield of positive energy (worn)
 x - a +2 pair of gloves of dexterity (worn)
 I - the +2 cloak of Trial and Error (worn) {rElec rF+}
   (You bought it in a shop on level 1 of the Snake Pit)

   rF:        It protects you from fire.
   rElec:     It insulates you from electricity.
 N - +9 gold dragon scales (worn)
 Z - the +2 helmet of Vigieg (worn) {rF+ Will+ Str-2 SInv}
   (You acquired it on level 1 of the Swamp)

   Str:       It affects your strength (-2).
   rF:        It protects you from fire.
   SInv:      It lets you see invisible.
   Will:      It increases your willpower.
Jewellery
 a - an amulet of regeneration (around neck)
 m - the ring of Free Expression (left hand) {rElec rC- AC+4 Int+9 Slay+6}
   (You acquired it on level 10 of the Dungeon)

   [ring of protection]

   AC:        It affects your AC (+4).
   Int:       It affects your intelligence (+9).
   Slay:      It affects your accuracy & damage with ranged weapons and melee
   (+6).
   rC:        It makes you vulnerable to cold.
   rElec:     It insulates you from electricity.
 n - a ring of protection from fire
 o - a +5 ring of evasion
 D - an amulet of reflection
 X - the ring of Oxtocora (right hand) {Drain rCorr Int+4 Dex+3 Slay+4}
   (You bought it in a shop on level 2 of the Orcish Mines)

   [ring of slaying]

   Int:       It affects your intelligence (+4).
   Dex:       It affects your dexterity (+3).
   Slay:      It affects your accuracy & damage with ranged weapons and melee
   (+4).
   rCorr:     It protects you from acid and corrosion.
   Drain:     It drains your maximum health when unequipped.
 Y - a ring of wizardry
Wands
 j - a wand of paralysis (19)
 z - a wand of light (19)
 E - a wand of roots (26)
 G - a wand of flame (34)
 O - a wand of mindburst (10)
 P - a wand of digging (10)
Scrolls
 c - 4 scrolls of magic mapping
 h - 7 scrolls of teleportation
 l - a scroll of vulnerability
 u - 8 scrolls of fog
 y - 3 scrolls of fear
 M - 4 scrolls of blinking
 S - 5 scrolls of silence
 T - a scroll of butterflies
 V - 4 scrolls of poison
Potions
 i - 8 potions of invisibility
 q - 12 potions of curing
 t - a potion of resistance
 v - 11 potions of flight
 B - a potion of ambrosia
 C - 4 potions of mutation
 F - a potion of heal wounds
 H - 9 potions of cancellation
 K - 2 potions of brilliance
 U - a potion of berserk rage
 W - 4 potions of magic
Miscellaneous
 d - a condenser vane
 p - a lightning rod (4/4)
 A - a tin of tremorstones (2/2)
 L - a phantom mirror
 Q - a box of beasts
 R - a phial of floods


   Skills:
 + Level 26.4 Fighting
 - Level 2.2 Long Blades
 - Level 14.0 Maces & Flails
 - Level 5.0 Throwing
 O Level 27 Armour
 - Level 15.0 Dodging
 - Level 15.0 Shields
 - Level 1.7 Spellcasting
 - Level 3.0 Translocations
 - Level 15.0 Invocations
 - Level 14.0 Evocations


You had 28 spell levels left.
You didn't know any spells.
Your spell library contained the following spells:

 Spells                   Type           Power      Damage    Failure   Level
 Blink                    Tloc           36%        N/A       43%         2
 Gell's Gravitas          Tloc           18%        N/A       67%         3
 Lesser Beckoning         Tloc           36%        N/A       67%         3
 Teleport Other           Tloc           18%        N/A       67%         3
 Beastly Appendage        Tmut           4%         N/A       73%         1
 Freeze                   Ice            8%         1d3       73%         1
 Necrotise                Necr           8%         1d4       73%         1
 Sandblast                Erth           4%         2d4       73%         1
 Ensorcelled Hibernation  Hex/Ice        4%         N/A       86%         2
 Passwall                 Tmut/Erth      1%         N/A       86%         2
 Sublimation of Blood     Necr           2%         N/A       86%         2
 Wereblood                Tmut           2%         N/A       86%         2
 Portal Projectile        Hex/Tloc       20%        N/A       87%         3
 Vhi's Electric Charge    Tloc/Air       20%        N/A       87%         3
 Kindle Blastsparks       Fire/Tloc/Air  14%        2d11      91%         3
 Call Canine Familiar     Summ           2%         N/A       97%         3
 Frozen Ramparts          Ice            4%         1d1       97%         3
 Hailstorm                Conj/Ice       2%         3d3       97%         3
 Ozocubu's Armour         Ice            2%         N/A       97%         3
 Spider Form              Tmut/Pois      2%         N/A       97%         3
 Stone Arrow              Conj/Erth      4%         3d7       97%         3
 Tukima's Dance           Hex            2%         N/A       97%         3
 Vampiric Draining        Necr           2%         2d6       97%         3
 Manifold Assault         Tloc           18%        N/A       97%         4
 Iskenderun's Mystic Bla  Conj/Tloc      10%        2d4       99%         4
 Anguish                  Hex/Necr       1%         N/A       100%        4
 Animate Armour           Summ/Erth      4%         N/A       100%        4
 Animate Dead             Necr           2%         N/A       100%        4
 Cause Fear               Hex            1%         N/A       100%        4
 Fulminant Prism          Conj/Hex       1%         3d5       100%        4
 Leda's Liquefaction      Hex/Erth       1%         N/A       100%        4
 Petrify                  Tmut/Erth      2%         N/A       100%        4
 Summon Lightning Spire   Summ/Air       2%         N/A       100%        4
 Agony                    Necr           2%         N/A       100%        5
 Blade Hands              Tmut           1%         N/A       100%        5
 Borgnjor's Vile Clutch   Necr/Erth      1%         N/A       100%        5
 Irradiate                Conj/Tmut      1%         3d12      100%        5
 Iskenderun's Battlesphe  Conj           2%         2d6       100%        5
 Lee's Rapid Deconstruct  Erth           1%         3d4*      100%        5
 Metabolic Englaciation   Hex/Ice        1%         N/A       100%        5
 Summon Forest            Summ/Tloc      5%         N/A       100%        5
 Conjure Ball Lightning   Conj/Air       1%         3x3d6     100%        6
 Death Channel            Necr           1%         N/A       100%        6
 Dispersal                Tloc           9%         N/A       100%        6
 Iron Shot                Conj/Erth      1%         9d1       100%        6
 Simulacrum               Ice/Necr       1%         N/A       100%        6
 Statue Form              Tmut/Erth      1%         N/A       100%        6
 Dragon Form              Tmut           1%         N/A       100%        7
 Malign Gateway           Summ/Tloc      5%         N/A       100%        7
 Spellforged Servitor     Conj/Summ      1%         N/A       100%        7
 Storm Form               Tmut/Air       1%         N/A       100%        7
 Summon Hydra             Summ           1%         N/A       100%        7
 Discord                  Hex            1%         N/A       100%        8
 Disjunction              Tloc           9%         N/A       100%        8
 Lehudib's Crystal Spear  Conj/Erth      1%         10d2      100%        8
 Summon Horrible Things   Summ           1%         N/A       100%        8
 Dragon's Call            Summ           1%         N/A       100%        9


Dungeon Overview and Level Annotations

Branches:
Dungeon (15/15)            Temple (1/1) D:4            Lair (5/5) D:9
  Swamp (4/4) Lair:3        Snake (4/4) Lair:2        Slime (0/5) Lair:5
    Orc (2/2) D:12            Elf (3/3) Orc:2        Vaults (5/5) D:13
  Crypt (3/3) Vaults:3       Tomb (0/3) Crypt:3      Depths (4/4) D:15
    Zot (5/5) Depths:4    Ossuary (visited)

Altars:
Ashenzari
Cheibriados
Dithmenos
Elyvilon
Fedhas
Gozag
Hepliaklqana
Kikubaaqudgha
Makhleb
Nemelex Xobeh
Okawaru
Qazlal
Ru
Sif Muna
Trog
Uskayaw
Vehumet
Wu Jian
Xom
Yredelemnul
Zin
The Shining One
Jiyva

Shops:
D:9 *   D:11 *   D:13 !   Orc:2 [?==   Snake:1 [   Snake:3 ((?[*   Vaults:1 [
Vaults:3 (   Vaults:4 (   Depths:1 (*=   Depths:3 [

Portals:
Hell: Depths:1 Depths:2 Depths:3 Depths:4
Abyss: Depths:1 Depths:3
Pandemonium: Depths:2
Ziggurat: Depths:1
Trove: Depths:4 (give 18 potions of curing)

Annotations:
D:3 2 transporters, ryw's ghost, weakling HONe
Lair:1 exclusion: oklob plant
Lair:3 3 runed translucent doors, bpung's ghost, journeyman GrFi
Swamp:2 Roxanne
Crypt:1 3 runed translucent doors, Vailuoroe's ghost, veteran GrEE
Depths:3 5 transporters
Zot:5 exclusion: obsidian statue


Innate Abilities, Weirdness & Mutations

You are completely covered in rugged brown scales. (AC +3, +7% HP)
Armour fits poorly on your strangely shaped body.
You have a long armoured tail.
You roll when moving toward enemies. (Rampage)
Your long tongue fully drains potion bottles. (2x potion effects)
Your tongue gives you trouble enunciating. (1.5x scroll delay)
You have large cloven feet.
You are partially covered in iridescent scales. (AC +2)
You possess an exceptional clarity of mind.
Your body sometimes deteriorates upon taking damage.
Your system is resistant to poisons. (rPois)
You occasionally lose the ability to drink potions when taking damage.


Message History

(P) Snake Pit (M) Slime Pits (O) Orcish Mines (E) Elven Halls (V) Vaults (C) Crypt (W) Tomb (U) Depths (H) Hell (Z) Zot
Where to? (Enter - D:1, ? - help)
What level of the Dungeon? (default 1, ? - help)
A chaos spawn comes into view.
There is a stone staircase leading up here.
You climb upwards.
Level annotation: 1 transporter, ryw's ghost, weakling HONe The orc shouts!
You block the orc's attack.
There is a stone staircase leading down here.
You thump the orc! You freeze the orc.
You kill the orc!
Qazlal accepts your kill.
You see here a +0 whip.
(D) Dungeon (T) Temple (L) Lair (S) Swamp (P) Snake Pit (M) Slime Pits (O) Orcish Mines (E) Elven Halls (V) Vaults (C) Crypt (W) Tomb (U) Depths (H) Hell (Z) Zot
Where to? (Enter - D:1, ? - help)
What level of the Dungeon? (default 1, ? - help)
You hear a shout!
There is a stone staircase leading down here.
Found a transporter.
There is a stone staircase leading up here.
You climb upwards.
There is a stone staircase leading down here.
You see here a +0 club.
There is a stone staircase leading up here.
You climb upwards.
Magic restored.
There is a stone staircase leading down here.
There is an open door here.
Aiming: Dig
Press: ? - help, Shift-Dir - straight line A rock wall.
This square is covered in magical glow.
The rock shatters into small pieces.
There is a staircase leading out of the dungeon here.
You have escaped!

.# #........#.........#.. .#
#........#.........### ##
#####....#.........# # ####
#############'## # ...#######
###### ###### #.# #
......[..####....####....###.####
..###.....##....○.##......##.....
### ####..##..##.☼##..##..##.####
#..##..#.@°.#..##..##)# ######
#..##..#....#..##..##.# .....#
#[.##..##..#...##..##)# .....#
#......##......##.....# .....#
##....####.°..####....# .#####
########.##### ####†# .######
##.## ###.# .##...########.##
###)..# ..#...##......## ##...#.#


There were no monsters in sight!

Vanquished Creatures
  A seraph (D:6)
  3 dread liches
  8 orbs of fire
  3 ancient liches
  A juggernaut (Depths:3)
  Sojobo (Crypt:1)
  Parghit (Zot:4)
  the Lernaean hydra (Swamp:4)
  Xtahua (Depths:3)
  5 Killer Klowns
  Vashnia (Snake:4)
  4 curse toes
  4 golden dragons
  Nikola (Snake:3)
  2 electric golems
  14 tentacled monstrosities
  Rupert (D:15)
  23 Orb Guardians
  6 liches
  3 titans (Vaults:5)
  A deep elf blademaster (Elf:2)
  6 quicksilver dragons
  10 death cobs
  An Executioner (Depths:4)
  Frances (Snake:1)
  4 ancient champions
  16 shadow dragons
  9 sphinxes
  A tentacled starspawn (Abyss:2)
  7 storm dragons
  2 draconian monks
  6 nagarajas (Snake:4)
  9 tengu reavers
  A revenant (Crypt:3)
  4 deep elf sorcerers
  14 frost giants
  A fenstrider witch (Swamp:4)
  4 draconian shifters
  7 draconian knights
  2 iron dragons
  11 fire giants
  2 caustic shrike zombies (Crypt:2)
  16 vault wardens
  8 draconian scorchers
  2 orc warlords (Vaults:1)
  2 angels
  A deep elf elementalist (Abyss:2)
  5 curse skulls
  Louise (Snake:1)
  3 reapers
  Aizul (Snake:1)
  A war gargoyle (Vaults:2)
  6 ghouls
  A ghost moth (Zot:3)
  27 ironbound preservers
  5 draconian annihilators
  The ghost of HilariousDeathArtist the Warrior, a journeyman GrWn of Okawaru (Orc:2)
  31 very ugly things
  A draconian stormcaller (Zot:1)
  A demonspawn corrupter (D:8)
  13 stone giants
  A quicksilver ooze (shapeshifter) (Vaults:5)
  10 ironbound thunderhulks
  A spriggan defender (Depths:2)
  10 green draconians
  A starflower (Abyss:2)
  6 vampire knights
  11 black draconians
  2 deep elf demonologists
  A demonspawn black sun (D:8)
  5 yellow draconians
  3 lorocyprocas
  4 bunyips
  16 purple draconians
  4 eleionomae
  4 deep elf annihilators
  3 spark wasps
  8 dire elephants
  Snorg (Orc:2)
  6 eidola
  11 white draconians
  23 red draconians
  15 ettins
  A blizzard demon (Depths:1)
  A green death (Depths:4)
  6 deep elf death magi
  5 fire dragons
  Josephine (D:15)
  3 crystal guardians
  An ettin (shapeshifter) (Vaults:5)
  A shambling mangrove (Swamp:4)
  3 deep elf high priests (Vaults:5)
  16 yaktaur captains
  8 great orbs of eyes
  7 jiangshi
  3 entropy weavers
  A salamander tyrant (Snake:4)
  A hell beast (Depths:1)
  3 rakshasas
  A great orb of eyes (shapeshifter) (Vaults:4)
  22 hydras
  5 ghost crabs
  3 peacekeepers
  34 vault guards
  A catoblepas (D:12)
  18 anacondas
  9 ironbound frosthearts
  A spriggan skeleton (Crypt:3)
  Erica (D:9)
  A fenstrider witch skeleton (Crypt:2)
  10 alligators
  2 ogre magi
  A merfolk avatar (Lair:5)
  2 spriggan air magi
  11 two-headed ogres
  8 boulder beetles
  9 ice dragons
  32 dancing weapons
  4 death knights
  6 centaur warriors
  An alligator (shapeshifter) (Vaults:5)
  A hell hog (Depths:1)
  8 deep troll shamans
  A death scarab (Crypt:1)
  8 tengu warriors
  17 naga warriors
  9 vampire magi
  13 death yaks
  20 naga sharpshooters
  4 orc high priests (Orc:2)
  6 deep troll earth magi
  10 shock serpents
  3 thrashing horrors (Abyss:2)
  5 spriggan berserkers
  Urug (Orc:1)
  2 soul eaters
  A sun demon (Abyss:2)
  2 hell knights (Depths:2)
  20 deep elf knights
  10 skeletal warriors
  2 wretched stars (Abyss:2)
  4 shadow wraiths
  7 salamander mystics
  A death drake (Swamp:4)
  7 sea snakes
  2 glowing orange brains
  6 large abominations
  5 goliath frogs
  2 cherubim
  A golden dragon zombie (Crypt:1)
  15 iron trolls
  4 spriggan druids
  16 naga ritualists
  5 flayed ghosts
  14 swamp dragons
  A bunyip skeleton (Crypt:1)
  7 wizards
  A goliath frog (shapeshifter) (Depths:3)
  63 deep trolls
  6 lindwurms
  4 phantasmal warriors
  12 deep elf archers
  3 bog bodies
  30 deep elf pyromancers
  2 harpies
  19 orc knights
  A sphinx zombie (Crypt:3)
  8 necromancers
  2 will-o-the-wisps
  31 deep elf zephyrmancers
  10 orc sorcerers
  19 ironbound convokers
  19 mana vipers
  A golden dragon skeleton (Crypt:2)
  24 salamanders
  8 cyclopes
  7 manticores
  45 ugly things
  9 guardian serpents
  2 worldbinders (Abyss:2)
  29 moths of wrath
  An iron dragon skeleton (Crypt:1)
  A sphinx skeleton (Crypt:1)
  8 elephants (Lair:5)
  43 black mambas
  An eleionoma skeleton (Crypt:1)
  A fire giant skeleton (Vaults:2)
  A gargoyle (D:14)
  3 centaur zombies
  18 vault sentinels
  3 torpor snails
  A demonic crawler (Abyss:2)
  13 naga magi
  17 cane toads
  5 kobold demonologists
  A smoke demon (Abyss:2)
  2 centaur skeletons
  A purple draconian zombie (Crypt:3)
  A hellion (D:8)
  9 komodo dragons
  2 unseen horrors (D:12)
  8 rime drakes
  10 freezing wraiths
  5 tengu conjurers
  19 yaktaurs
  A yaktaur (shapeshifter) (D:13)
  3 ancient zymes (Abyss:2)
  A steelbarb worm zombie (Crypt:3)
  A harpy zombie (Crypt:2)
  14 trolls
  4 polar bears
  4 tyrant leeches
  A bloated husk (Swamp:1)
  A wind drake (Lair:5)
  A wolf spider simulacrum (D:15)
  12 hornets
  2 harpy skeletons
  19 blink frogs
  A blink frog (shapeshifter) (Elf:1)
  8 raiju (Abyss:2)
  An ettin zombie (Crypt:1)
  A snapping turtle (Lair:5)
  58 slime creatures
  4 air elementals
  2 centaur simulacra
  7 flying skulls
  11 wraiths
  2 ettin skeletons
  A vampire (D:14)
  A shadow (D:12)
  2 ynoxinuls (Abyss:2)
  10 spriggans
  5 water elementals
  5 wyverns
  48 yaks
  A human (shapeshifter) (D:14)
  2 neqoxecs (Abyss:2)
  5 steam dragons
  4 fire elementals
  3 basilisks
  An alligator snapping turtle simulacrum (Crypt:1)
  6 vampire mosquitoes
  4 redbacks
  Menkaure (D:7)
  3 small abominations (Abyss:2)
  2 harpy simulacra
  A glowing shapeshifter zombie (Vaults:2)
  60 nagas
  13 swamp worms
  16 wargs
  28 water moccasins
  3 acid dragons
  A merfolk skeleton (Crypt:3)
  6 swamp drakes (Swamp:4)
  A floating eye (Depths:4)
  A water nymph skeleton (Crypt:1)
  32 orc warriors
  An ice beast (D:7)
  3 black bears
  An ogre (shapeshifter) (Elf:1)
  12 wolves
  A boggart (Vaults:3)
  11 ogres
  3 phantoms
  10 centaurs
  A hog zombie (Crypt:2)
  A fire crab zombie (Crypt:2)
  7 kobold brigands
  A human zombie (Vaults:2)
  9 bullfrogs
  2 necrophages
  A draconian skeleton (Crypt:1)
  4 scorpions
  A warg zombie (Crypt:1)
  4 earth elementals
  A salamander skeleton (Crypt:1)
  12 wights
  A wyvern skeleton (Crypt:1)
  4 water moccasin zombies (Ossuary)
  A troll zombie (Crypt:3)
  A swamp dragon simulacrum (Crypt:1)
  11 killer bees
  4 electric eels
  4 howler monkeys
  A crimson imp (D:4)
  19 orc priests
  A hound (D:6)
  2 iguanas
  2 jellies (Lair:5)
  A gnoll bouda (D:7)
  18 orc wizards
  A hound zombie (Crypt:2)
  A deep dwarf skeleton (Crypt:3)
  An ogre skeleton (Crypt:3)
  2 mummies (Ossuary)
  4 gnolls (D:7)
  3 adders
  A shadow imp (D:7)
  3 white imps
  An ufetubus (D:5)
  A lava snake zombie (Crypt:2)
  3 adder zombies (Ossuary)
  A worm (D:2)
  4 dart slugs
  48 orcs
  A ball python (shapeshifter) (Vaults:5)
  7 ball pythons
  5 bats
  10 endoplasms
  3 giant cockroaches
  10 goblins
  4 hobgoblins
  5 jackals
  20 kobolds
  2 quokkas
  A river rat zombie (Crypt:1)
  3 frilled lizards
  3 gnoll zombies (Ossuary)
  6 hobgoblin zombies (Ossuary)
  6 kobold zombies (Ossuary)
  8 orc zombies (Ossuary)
  4 rats
  A butterfly (Lair:4)
  A fire vortex (Orc:2)
2242 creatures vanquished.

Vanquished Creatures (collateral kills)
  A dread lich (Zot:5)
  An orb of fire (Zot:5)
  Mennas (Depths:3)
  A Killer Klown (Zot:5)
  Jorgrun (Swamp:2)
  A hydra (Swamp:4)
  2 naga ritualists
  A black mamba (Snake:1)
9 creatures vanquished.

Vanquished Creatures (others)
  A titan (Vaults:5)
  3 Orb Guardians (Zot:5)
  2 draconian knights
  2 stone giants (Vaults:5)
  A purple draconian (Zot:5)
  A naga warrior (Snake:1)
  2 deep elf knights (Elf:2)
  A salamander mystic (Snake:3)
  A goliath frog (Swamp:3)
  A spriggan druid (Swamp:3)
  A deep elf pyromancer (Elf:2)
  A deep elf zephyrmancer (Elf:1)
  A black mamba (Snake:3)
  A hornet (Swamp:3)
  3 spriggans (Swamp:3)
  A water elemental (Elf:1)
  A swamp worm (Swamp:1)
  2 nagas (Snake:3)
  A swamp drake (Swamp:4)
  A human (D:10)
  2 orc priests (Vaults:5)
  An orc wizard (Orc:2)
  A kobold (Snake:4)
  2 bushes (D:12)
  12 foxfires
  18 fungi
  58 plants
  A starspawn tentacle (Abyss:2)
  4 withered plants (D:8)
127 creatures vanquished.

Grand Total: 2378 creatures vanquished

Notes
Turn   | Place    | Note
-------+----------+-------------------------------------------
     0 | D:1      | oldriver the Armataur Warper began the quest for the Orb.
     0 | D:1      | Reached XP level 1. HP: 18/18 MP: 3/3
   139 | D:1      | Reached skill level 1 in Throwing
   177 | D:1      | Reached XP level 2. HP: 18/25 MP: 4/4
   765 | D:2      | Reached XP level 3. HP: 32/32 MP: 5/5
   926 | D:2      | HP: 1/32 [kobold/+1 whip of electrocution (18)]
  1110 | D:2      | Reached skill level 2 in Armour
  1510 | D:2      | Identified the +9 whip of the Rat {drain, rElec}
  1905 | D:3      | Found a hazy altar of Hepliaklqana.
  1986 | D:3      | Noticed an ogre
  1991 | D:3      | Noticed ryw's ghost (weakling HONe)
  2064 | D:3      | Noticed a phantom
  2071 | D:3      | Killed a phantom
  2072 | D:3      | Reached XP level 4. HP: 40/40 MP: 6/6
  2099 | D:3      | Reached XP level 5. HP: 44/48 MP: 7/7
  2299 | D:3      | Found a transporter.
  2300 | D:3      | Noticed an ogre
  2439 | D:3      | You fall into a shaft and drop 3 floors!
  2754 | D:6      | Found a snail-covered altar of Cheibriados.
  2870 | D:6      | Reached XP level 6. HP: 55/55 MP: 8/8
  3072 | D:5      | Entered Level 5 of the Dungeon
  3100 | D:5      | Noticed a water moccasin
  3109 | D:5      | Killed a water moccasin
  3186 | D:5      | Reached XP level 7. HP: 63/63 MP: 9/9
  3290 | D:4      | Found a sand-covered staircase.
  3295 | Ossuary  | Entered an ossuary
  3349 | Ossuary  | Reached skill level 5 in Maces & Flails
  3424 | Ossuary  | Reached skill level 3 in Armour
  3962 | D:4      | Found a shimmering blue altar of Sif Muna.
  3995 | D:4      | Found a staircase to the Ecumenical Temple.
  4115 | D:4      | Reached skill level 5 in Fighting
  4261 | Temple   | Entered the Ecumenical Temple
  4333 | Temple   | Became a worshipper of Qazlal Stormbringer
  4390 | D:5      | Found a shadowy altar of Dithmenos.
  4609 | D:5      | Reached XP level 8. HP: 55/72 MP: 10/10
  5326 | D:6      | Reached skill level 4 in Armour
  5568 | D:7      | Noticed a komodo dragon
  5604 | D:7      | Killed a komodo dragon
  5605 | D:7      | Reached XP level 9. HP: 55/80 MP: 11/11
  5826 | D:7      | Reached skill level 5 in Armour
  5886 | D:7      | Noticed Menkaure
  5894 | D:7      | Killed Menkaure
  6014 | D:7      | Reached * piety under Qazlal
  6440 | D:8      | Noticed a troll
  6458 | D:8      | Killed a troll
  6567 | D:8      | Found a glowing golden altar of the Shining One.
  6582 | D:8      | Found a basalt altar of Yredelemnul.
  6831 | D:8      | Reached ** piety under Qazlal
  6892 | D:8      | Reached XP level 10. HP: 90/92 MP: 12/12
  6904 | D:8      | Reached skill level 10 in Maces & Flails
  6904 | D:8      | Reached skill level 6 in Armour
  6914 | D:8      | Noticed a two-headed ogre
  6930 | D:8      | Killed a two-headed ogre
  7199 | D:9      | Noticed Erica
  7400 | D:9      | Killed Erica
  7432 | D:9      | Found a staircase to the Lair.
  7445 | D:9      | Reached skill level 7 in Armour
  7457 | D:9      | Reached XP level 11. HP: 92/101 MP: 13/13
  7628 | D:9      | Identified the +5 flail of Action {heavy, rElec Dex+7}
  7773 | D:9      | Found Achut's Serpentskin Sales.
  7798 | D:9      | Bought a +1 leather armour of poison resistance for 165
                  | gold pieces
  7798 | D:9      | Bought 3 poisoned darts for 18 gold pieces
  7798 | D:9      | Bought 2 poisoned darts for 12 gold pieces
  7798 | D:9      | Bought 3 curare-tipped darts for 27 gold pieces
  7798 | D:9      | Bought 4 poisoned darts for 24 gold pieces
  7948 | D:9      | Reached *** piety under Qazlal
  7985 | D:9      | Identified the ring "Hoess" {rCorr Dex+2}
  8082 | Lair:1   | Entered Level 1 of the Lair of Beasts
  8403 | Lair:1   | Noticed an oklob plant
  8897 | Lair:2   | Reached skill level 5 in Throwing
  8902 | Lair:2   | Reached skill level 10 in Fighting
  9029 | Lair:2   | Found a staircase to the Snake Pit.
  9378 | Lair:2   | Reached **** piety under Qazlal
  9404 | Lair:2   | Reached XP level 12. HP: 113/117 MP: 14/14
  9969 | Lair:3   | Reached skill level 1 in Invocations
 10149 | Lair:3   | Found a runed translucent gate.
 10149 | Lair:3   | Found a runed translucent gate.
 10149 | Lair:3   | Found a runed translucent gate.
 10149 | Lair:3   | Noticed bpung's ghost (journeyman GrFi)
 10159 | Lair:3   | Noticed a ten-headed hydra
 10214 | Lair:3   | You fall into a shaft and drop 1 floor!
 10217 | Lair:4   | Noticed a six-headed hydra
 10218 | Lair:4   | Noticed a death yak
 10226 | Lair:4   | Noticed a death yak
 10229 | Lair:4   | Killed a six-headed hydra
 10230 | Lair:4   | Noticed a death yak
 10235 | Lair:4   | Noticed a death yak
 10253 | Lair:4   | Killed a death yak
 10254 | Lair:4   | Reached skill level 8 in Armour
 10263 | Lair:4   | Killed a death yak
 10264 | Lair:4   | Killed a death yak
 10268 | Lair:4   | Killed a death yak
 11033 | Lair:3   | Noticed a nine-headed hydra
 11107 | Lair:3   | Found a staircase to the Swamp.
 11241 | Lair:3   | Reached skill level 9 in Armour
 11256 | Lair:3   | Reached ***** piety under Qazlal
 11588 | Lair:5   | Entered Level 5 of the Lair of Beasts
 11588 | Lair:5   | Noticed a death yak
 11589 | Lair:5   | Noticed a death yak
 11589 | Lair:5   | Noticed a death yak
 11589 | Lair:5   | Noticed a death yak
 11590 | Lair:5   | Noticed a death yak
 11590 | Lair:5   | Noticed a death yak
 11605 | Lair:4   | Killed a death yak
 11606 | Lair:4   | Reached XP level 13. HP: 59/127 MP: 16/16
 11780 | Lair:4   | Reached skill level 1 in Shields
 11868 | Lair:4   | Reached skill level 5 in Invocations
 12125 | Lair:5   | Reached skill level 10 in Armour
 12607 | Lair:5   | Reached skill level 5 in Shields
 12691 | Lair:5   | Reached skill level 11 in Armour
 12883 | D:10     | Entered Level 10 of the Dungeon
 12925 | D:10     | Identified a scroll of acquirement
 12925 | D:10     | Acquired the ring of Free Expression {rElec rC- AC+4 Int+9
                  | Slay+6}
 12955 | D:10     | Found a glowing silver altar of Zin.
 13260 | D:10     | Found an ancient bone altar of Kikubaaqudgha.
 13365 | D:10     | Found a blossoming altar of Fedhas.
 13984 | D:10     | Reached XP level 14. HP: 93/139 MP: 17/17
 14256 | D:11     | Reached ****** piety under Qazlal
 14387 | D:11     | Found Woribrach's General Store.
 14402 | D:11     | Bought a scroll of enchant armour for 120 gold pieces
 14612 | D:12     | Found a staircase to the Orcish Mines.
 16099 | Orc:1    | Entered Level 1 of the Orcish Mines
 16100 | Orc:1    | Noticed Urug
 16158 | Orc:1    | Killed Urug
 16563 | Orc:2    | Entered Level 2 of the Orcish Mines
 16563 | Orc:2    | Noticed Snorg
 16577 | Orc:2    | Killed Snorg
 16623 | Orc:2    | Paralysed by an orc sorcerer for 2 turns
 16743 | Orc:2    | Found Guwnusas's Armour Shop.
 16784 | Orc:2    | Found a transporter.
 16787 | Orc:2    | Noticed HilariousDeathArtist's ghost (journeyman GrWn)
 16842 | Orc:2    | Found a transporter.
 17030 | Orc:2    | Found a staircase to the Elven Halls.
 17546 | Orc:2    | Reached skill level 15 in Fighting
 17757 | Orc:2    | Reached skill level 12 in Armour
 17771 | Orc:2    | Paralysed by an orc sorcerer for 2 turns
 17938 | Orc:2    | Found Lassukob's Jewellery Shop.
 17938 | Orc:2    | Found Cantez Hoor's Magic Scroll Emporium.
 17940 | Orc:2    | Found Ponyeny's Jewellery Shop.
 17940 | Orc:2    | Found Napraas's Assorted Antiques.
 18088 | Orc:2    | Bought the +6 scale mail of Summer {+Inv rCorr Str+4 Int-2}
                  | for 578 gold pieces
 18106 | Orc:2    | Bought a +2 cloak for 165 gold pieces
 18339 | D:13     | Found Qotwyn's Distillery.
 18389 | D:13     | Reached XP level 15. HP: 150/150 MP: 21/21
 18476 | D:13     | Bought a potion of heal wounds for 90 gold pieces
 18538 | D:13     | Found a gate to the Vaults.
 19258 | Orc:2    | Killed HilariousDeathArtist's ghost
 19273 | Orc:2    | Identified the ring "Huqopn" {rElec SInv}
 20101 | D:15     | Entered Level 15 of the Dungeon
 20163 | D:15     | Noticed Rupert
 20177 | D:15     | Killed Rupert
 20268 | D:15     | Reached skill level 13 in Armour
 20571 | D:15     | Noticed Josephine
 20583 | D:15     | Killed Josephine
 20588 | D:15     | Reached skill level 10 in Invocations
 20889 | D:15     | Found a glowing silver altar of Zin.
 21025 | D:15     | Found a staircase to the Depths.
 21481 | Lair:5   | Found a viscous altar of Jiyva.
 21482 | Lair:5   | Found a staircase to the Slime Pits.
 22014 | Snake:1  | Entered Level 1 of the Snake Pit
 22098 | Snake:1  | Reached XP level 16. HP: 151/161 MP: 23/23
 22180 | Snake:1  | Found an opulent altar of Gozag.
 22243 | Snake:1  | Reached skill level 14 in Armour
 22243 | Snake:1  | Reached skill level 5 in Dodging
 22258 | Snake:1  | Identified the +5 dagger "Goigug" {flame, rPois rN+++ Will-
                  | Str-3}
 22286 | Snake:1  | Noticed Aizul
 22315 | Snake:1  | Killed Aizul
 22585 | Snake:1  | Noticed Frances
 22591 | Snake:1  | Noticed Louise
 22627 | Abyss:2  | Cast into level 2 of the Abyss (Louise)
 22709 | Snake:1  | Escaped the Abyss
 22934 | Snake:1  | Killed Louise
 22942 | Snake:1  | Found Zioneate's Antique Armour Shop.
 22953 | Snake:1  | Bought a slimy cloak for 418 gold pieces
 22953 | Snake:1  | Identified the +2 cloak of Trial and Error {rElec rF+} (You
                  | bought it in a shop on level 1 of the Snake Pit)
 22985 | Snake:1  | Killed Frances
 23130 | Snake:1  | You fall into a shaft and drop 1 floor!
 23141 | Snake:2  | Reached skill level 15 in Armour
 23760 | Orc:2    | Bought a ring of poison resistance for 280 gold pieces
 24004 | Swamp:1  | Entered Level 1 of the Swamp
 24004 | Swamp:1  | Found a stormy altar of Qazlal.
 24346 | Swamp:1  | Acquired the +2 helmet of Vigieg {rF+ Will+ Str-2 SInv}
 24356 | Swamp:1  | Reached skill level 16 in Armour
 25266 | Swamp:2  | Noticed Roxanne
 25331 | Swamp:2  | Noticed Jorgrun
 25339 | Swamp:2  | Killed Jorgrun
 25340 | Swamp:2  | Reached XP level 17. HP: 164/173 MP: 25/25
 25959 | Swamp:3  | Reached skill level 17 in Armour
 26366 | Swamp:4  | Entered Level 4 of the Swamp
 26658 | Swamp:4  | Identified the amulet "Loacyuhoib" {Spirit Dex+5}
 27032 | Snake:2  | Reached skill level 1 in Evocations
 27117 | Snake:2  | Reached skill level 18 in Armour
 27817 | Snake:3  | Found Othat's Antique Weapon Emporium.
 28179 | Snake:3  | Found Voalur's Antique Armour Boutique.
 28197 | Snake:3  | Found Byseci's Magic Scroll Boutique.
 28202 | Snake:3  | Bought a scroll of teleportation for 36 gold pieces
 28223 | Snake:3  | Noticed Nikola
 28499 | Snake:3  | Killed Nikola
 28538 | Snake:3  | Found Kokaaffu's Antique Weapon Shop.
 28634 | Snake:3  | Found Huvo's Assorted Antiques.
 28943 | Snake:4  | Entered Level 4 of the Snake Pit
 28952 | Snake:4  | Reached skill level 5 in Evocations
 28960 | Snake:4  | Reached XP level 18. HP: 154/185 MP: 17/26
 29143 | Snake:4  | Found a flickering gateway to a bazaar.
 29157 | Bazaar   | Entered a bazaar
 29157 | Bazaar   | Found Qeryimeth's General Store.
 29186 | Bazaar   | Bought a scroll of teleportation for 30 gold pieces
 29204 | Bazaar   | Found Faotz's Antique Weapon Shop.
 29224 | Bazaar   | Found Qeapp's Antique Armour Shop.
 29259 | Snake:4  | Reached skill level 19 in Armour
 29653 | Snake:4  | Noticed Vashnia
 29709 | Snake:4  | Killed Vashnia
 30617 | Snake:4  | Got a serpentine rune of Zot
 30836 | Snake:4  | Reached skill level 10 in Shields
 31692 | Swamp:4  | Noticed the 27-headed Lernaean hydra
 31703 | Swamp:4  | Killed the 27-headed Lernaean hydra
 31704 | Swamp:4  | Reached skill level 20 in Armour
 31850 | Swamp:4  | Reached XP level 19. HP: 192/195 MP: 27/27
 32150 | Swamp:4  | Got a decaying rune of Zot
 32233 | Swamp:4  | Acquired a +2 eveningstar of holy wrath
 32687 | Orc:2    | Bought a scroll of enchant armour for 97 gold pieces
 32687 | Orc:2    | Bought a scroll of teleportation for 39 gold pieces
 32751 | Elf:1    | Entered Level 1 of the Elven Halls
 33030 | Elf:1    | Got Asmodeus's Tome of Support
 33690 | Elf:1    | Found the +10 zealot's sword {holy, *Rage rN+ EV+3}
 34222 | Elf:2    | Identified the +11 flail of the Manifold Friends {freeze,
                  | rPois rC+ Str+2 Dex+3}
 34425 | Elf:2    | Found a runed translucent gate.
 34425 | Elf:2    | Found a runed translucent gate.
 34425 | Elf:2    | Found a runed translucent gate.
 35053 | Elf:2    | Reached skill level 21 in Armour
 35091 | Elf:2    | Paralysed by an air elemental for 1 turns
 35174 | Elf:2    | Paralysed by an air elemental for 1 turns
 35591 | Depths:1 | Entered Level 1 of the Depths
 35745 | Depths:1 | Reached XP level 20. HP: 178/206 MP: 28/28
 35905 | Depths:1 | Found a gateway to Hell.
 36145 | Depths:1 | Found Maloasyts's Jewellery Emporium.
 36145 | Depths:1 | Found Ilebao's General Store.
 36149 | Depths:1 | Found Riatuej's Weapon Emporium.
 36155 | Depths:1 | Bought a scroll of teleportation for 54 gold pieces
 36215 | Depths:1 | Found a one-way gateway to a ziggurat.
 36554 | Depths:1 | Found a one-way gate to the infinite horrors of the Abyss.
 37208 | Depths:2 | Found a bloodstained altar of Trog.
 37340 | Depths:2 | You fall into a shaft and drop 1 floor!
 37685 | Depths:3 | Found a transporter.
 38019 | Abyss:2  | Cast into level 2 of the Abyss (a wizard)
 38021 | Abyss:2  | Found a corrupted altar of Lugonu.
 38021 | Abyss:2  | Found a corrupted altar of Lugonu.
 38034 | Abyss:2  | Found a corrupted altar of Lugonu.
 38034 | Abyss:2  | Found a corrupted altar of Lugonu.
 38050 | Abyss:2  | Found a corrupted altar of Lugonu.
 38058 | Depths:2 | Escaped the Abyss
 38453 | Depths:2 | Found a one-way gate leading to the halls of Pandemonium.
 39222 | Vaults:1 | Entered Level 1 of the Vaults
 39253 | Vaults:1 | Reached XP level 21. HP: 217/217 MP: 30/30
 39331 | Vaults:1 | Found Sofuwk's Armour Shop.
 40060 | Vaults:1 | Reached skill level 15 in Shields
 40468 | Vaults:1 | Identified the +8 flail "Hydraslayer" {chaos, Dex+4}
 41256 | Vaults:2 | Noticed an ancient lich
 41442 | Vaults:2 | HP: 5/219 [ancient lich (20)]
 41442 | Vaults:2 | HP: 2/215 [ancient lich (3)]
 41448 | Vaults:2 | Killed an ancient lich
 42694 | Vaults:3 | Found a staircase to the Crypt.
 42788 | Vaults:3 | Reached XP level 22. HP: 154/230 MP: 33/33
 43147 | Vaults:3 | Reached skill level 15 in Invocations
 44281 | Vaults:3 | Found Owkusoets's Weapon Emporium.
 44816 | Vaults:4 | Found Wuisaj's Antique Weapon Emporium.
 46145 | Vaults:4 | Reached skill level 10 in Dodging
 46470 | Elf:3    | Entered Level 3 of the Elven Halls
 46604 | Abyss:2  | Cast into level 2 of the Abyss (a deep elf sorcerer)
 46610 | Abyss:2  | Found a corrupted altar of Lugonu.
 46636 | Abyss:2  | Found a corrupted altar of Lugonu.
 46677 | Abyss:2  | Reached skill level 10 in Evocations
 46886 | Abyss:2  | Gained mutation: You are vulnerable to heat. (rF-) [a
                  | neqoxec]
 46914 | Abyss:2  | Reached skill level 22 in Armour
 46919 | Elf:3    | Escaped the Abyss
 47252 | Crypt:1  | Entered Level 1 of the Crypt
 47387 | Crypt:1  | Reached XP level 23. HP: 231/238 MP: 34/34
 47645 | Crypt:1  | Noticed Sojobo
 47662 | Crypt:1  | Paralysed by an air elemental for 1 turns
 47666 | Crypt:1  | Paralysed by an air elemental for 1 turns
 47679 | Crypt:1  | Killed Sojobo
 47862 | Crypt:1  | Found a runed translucent gate.
 47862 | Crypt:1  | Found a runed translucent gate.
 47863 | Crypt:1  | Found a runed translucent gate.
 47865 | Crypt:1  | Noticed Vailuoroe's ghost (veteran GrEE)
 48314 | Crypt:2  | Found a basalt altar of Yredelemnul.
 48391 | Crypt:2  | Paralysed by a vampire knight for 3 turns
 49317 | Crypt:3  | Entered Level 3 of the Crypt
 50006 | Crypt:3  | Noticed a curse toe
 50415 | Crypt:3  | Found a staircase to the Tomb.
 50960 | Depths:3 | Noticed a juggernaut
 50972 | Depths:3 | Killed a juggernaut
 51033 | Depths:3 | Found a transporter.
 51035 | Depths:3 | Noticed Xtahua
 51045 | Depths:3 | Killed Xtahua
 51079 | Depths:3 | Found Ogugeoca's Antique Armour Boutique.
 51119 | Depths:3 | Noticed Mennas
 51143 | Depths:3 | Killed Mennas
 51366 | Depths:3 | Found a transporter.
 51395 | Depths:3 | Found a transporter.
 51395 | Depths:3 | Found a transporter.
 51909 | Depths:4 | Entered Level 4 of the Depths
 51924 | Depths:4 | Reached skill level 23 in Armour
 52761 | Depths:4 | Found a gate to the Realm of Zot.
 53081 | Depths:4 | Found a portal to a secret trove of treasure.
 53283 | Depths:3 | Lost mutation: You are vulnerable to heat. (rF-) [potion of
                  | mutation]
 53283 | Depths:3 | Gained mutation: You are weak. (Str -2) [potion of
                  | mutation]
 53283 | Depths:3 | Gained mutation: You have hidden genetic defects. [potion
                  | of mutation]
 53283 | Depths:3 | Gained mutation: You have a pair of small antennae on your
                  | head. [potion of mutation]
 53283 | Depths:3 | Gained mutation: Your spells are a little harder to cast,
                  | but a little more powerful. [potion of mutation]
 53283 | Depths:3 | Gained mutation: You passively map a small area around you.
                  | [potion of mutation]
 53284 | Depths:3 | Lost mutation: Your spells are a little harder to cast, but
                  | a little more powerful. [potion of mutation]
 53284 | Depths:3 | Lost mutation: You have hidden genetic defects. [potion of
                  | mutation]
 53284 | Depths:3 | Lost mutation: You are weak. (Str -2) [potion of mutation]
 53284 | Depths:3 | Lost mutation: You have a pair of small antennae on your
                  | head. [potion of mutation]
 53284 | Depths:3 | Gained mutation: You are partially covered in iridescent
                  | scales. (AC +2) [potion of mutation]
 53284 | Depths:3 | Gained mutation: You have a pair of small horns on your
                  | head. [potion of mutation]
 53284 | Depths:3 | Lost mutation: You passively map a small area around you.
                  | [potion of mutation]
 53284 | Depths:3 | Gained mutation: You have large cloven feet. [potion of
                  | mutation]
 53284 | Depths:3 | Gained mutation: You are somewhat resistant to further
                  | mutation. [potion of mutation]
 53287 | Depths:3 | Lost mutation: You are somewhat resistant to further
                  | mutation. [potion of mutation]
 53287 | Depths:3 | Lost mutation: You have a pair of small horns on your head.
                  | [potion of mutation]
 53287 | Depths:3 | Lost mutation: You have large cloven feet. [potion of
                  | mutation]
 53287 | Depths:3 | Lost mutation: You are partially covered in iridescent
                  | scales. (AC +2) [potion of mutation]
 53287 | Depths:3 | Gained mutation: You are clumsy. (Dex -2) [potion of
                  | mutation]
 53287 | Depths:3 | Gained mutation: You passively map a small area around you.
                  | [potion of mutation]
 53287 | Depths:3 | Gained mutation: You sometimes lose your temper in combat.
                  | [potion of mutation]
 53287 | Depths:3 | Gained mutation: You are robust. (+10% HP) [potion of
                  | mutation]
 53287 | Depths:3 | Gained mutation: You expend magic power (3 MP) to
                  | strengthen your wands. [potion of mutation]
 53287 | Depths:3 | Gained mutation: Your magical capacity is low. (-10% MP)
                  | [potion of mutation]
 53287 | Depths:3 | Gained mutation: You are somewhat resistant to further
                  | mutation. [potion of mutation]
 53288 | Depths:3 | Lost mutation: You expend magic power (3 MP) to strengthen
                  | your wands. [potion of mutation]
 53288 | Depths:3 | Lost mutation: Your magical capacity is low. (-10% MP)
                  | [potion of mutation]
 53288 | Depths:3 | Lost mutation: You are somewhat resistant to further
                  | mutation. [potion of mutation]
 53288 | Depths:3 | Lost mutation: You passively map a small area around you.
                  | [potion of mutation]
 53288 | Depths:3 | Lost mutation: You are clumsy. (Dex -2) [potion of
                  | mutation]
 53288 | Depths:3 | Lost mutation: You are robust. (+10% HP) [potion of
                  | mutation]
 53288 | Depths:3 | Lost mutation: You sometimes lose your temper in combat.
                  | [potion of mutation]
 53288 | Depths:3 | Gained mutation: Your body sometimes deteriorates upon
                  | taking damage. [potion of mutation]
 53288 | Depths:3 | Gained mutation: You are partially covered in iridescent
                  | scales. (AC +2) [potion of mutation]
 53288 | Depths:3 | Gained mutation: Your magical capacity is low. (-10% MP)
                  | [potion of mutation]
 53288 | Depths:3 | Gained mutation: You are strong-willed. (Will+) [potion of
                  | mutation]
 53288 | Depths:3 | Gained mutation: You have a beak for a mouth. [potion of
                  | mutation]
 53289 | Depths:3 | Lost mutation: You are strong-willed. (Will+) [potion of
                  | mutation]
 53289 | Depths:3 | Lost mutation: Your body sometimes deteriorates upon taking
                  | damage. [potion of mutation]
 53289 | Depths:3 | Lost mutation: You have a beak for a mouth. [potion of
                  | mutation]
 53289 | Depths:3 | Lost mutation: You are partially covered in iridescent
                  | scales. (AC +2) [potion of mutation]
 53289 | Depths:3 | Lost mutation: Your magical capacity is low. (-10% MP)
                  | [potion of mutation]
 53289 | Depths:3 | Gained mutation: Your mind is acute. (Int +4, Str/Dex -1)
                  | [potion of mutation]
 53289 | Depths:3 | Gained mutation: You have supernaturally acute eyesight.
                  | (SInv) [potion of mutation]
 53747 | Vaults:5 | Entered Level 5 of the Vaults
 53763 | Vaults:5 | Reached XP level 24. HP: 178/252 MP: 18/34
 53855 | Vaults:5 | Identified the +1 hand axe of Sonal {vamp, Stlth+}
 54427 | Crypt:3  | Reached skill level 24 in Armour
 54858 | Crypt:3  | Noticed a dread lich
 54858 | Crypt:3  | Noticed an ancient lich
 56715 | Vaults:5 | Identified the +1 plate armour "Fikhleawy" {rF+ Will+
                  | Int+4}
 56764 | Vaults:5 | Identified the +3 leather armour of Myre {+Inv}
 56774 | Vaults:5 | Got a silver rune of Zot
 56955 | Vaults:5 | Identified the +7 plate armour of the Ward {Int+6 Dex+3}
 56995 | Vaults:5 | Found the ring of Shadows {Umbra +Inv Stlth+}
 57007 | Vaults:5 | Identified the +3 spear of the Dead {elec, Will+ Int+3}
 57107 | Vaults:5 | Got Tesa's Verses on the Ground and Damage
 57836 | Zot:1    | Entered Level 1 of the Realm of Zot
 58099 | Depths:4 | Reached skill level 25 in Armour
 58591 | Zot:1    | Reached XP level 25. HP: 264/264 MP: 34/34
 60230 | Zot:2    | Identified the +3 dagger of Valour {drain, +Blink}
 60808 | Zot:3    | Identified the ring "Emonanea" {Fly SInv}
 61367 | Zot:4    | Reached skill level 26 in Armour
 61664 | Zot:4    | Noticed an orb of fire
 61671 | Zot:4    | Gained mutation: You are clumsy. (Dex -2) [an orb of fire]
 61672 | Zot:4    | Gained mutation: You have hidden genetic defects. [an orb
                  | of fire]
 61675 | Zot:4    | Gained mutation: You are weak. (Str -2) [an orb of fire]
 61679 | Zot:4    | Killed an orb of fire
 61701 | Zot:4    | Noticed a Killer Klown
 61704 | Zot:4    | Killed a Killer Klown
 61867 | Zot:3    | Lost mutation: You are clumsy. (Dex -2) [potion of
                  | mutation]
 61867 | Zot:3    | Lost mutation: Your mind is acute. (Int +4, Str/Dex -1)
                  | [potion of mutation]
 61867 | Zot:3    | Lost mutation: You have supernaturally acute eyesight.
                  | (SInv) [potion of mutation]
 61867 | Zot:3    | Lost mutation: You have hidden genetic defects. [potion of
                  | mutation]
 61867 | Zot:3    | Lost mutation: You are weak. (Str -2) [potion of mutation]
 61867 | Zot:3    | Gained mutation: You have a pair of small horns on your
                  | head. [potion of mutation]
 61867 | Zot:3    | Gained mutation: You are somewhat resistant to further
                  | mutation. [potion of mutation]
 62143 | Zot:4    | Noticed Parghit
 62245 | Zot:4    | Noticed a Killer Klown
 62259 | Zot:4    | Killed a Killer Klown
 63226 | D:13     | Bought a potion of invisibility for 144 gold pieces
 63226 | D:13     | Bought a potion of invisibility for 144 gold pieces
 63226 | D:13     | Bought a potion of mutation for 144 gold pieces
 63226 | D:13     | Bought a potion of flight for 54 gold pieces
 63226 | D:13     | Bought a potion of haste for 180 gold pieces
 63226 | D:13     | Bought 2 potions of cancellation for 288 gold pieces
 63819 | Zot:4    | Killed Parghit
 64247 | Orc:2    | Bought the ring of Oxtocora {Drain rCorr Int+4 Dex+3
                  | Slay+4} for 1395 gold pieces
 64656 | Zot:5    | Entered Level 5 of the Realm of Zot
 64667 | Zot:5    | Noticed an orb of fire
 64681 | Zot:5    | Killed an orb of fire
 64899 | Zot:5    | Reached XP level 26. HP: 230/276 MP: 34/34
 65063 | Zot:5    | Noticed a dread lich
 65065 | Zot:5    | Noticed a dread lich
 65072 | Zot:5    | Paralysed by something for 4 turns
 65446 | Zot:5    | Paralysed by a dread lich for 4 turns
 65461 | Zot:5    | Paralysed by something for 5 turns
 65473 | Zot:4    | Killed a dread lich
 65532 | Zot:5    | Killed a dread lich
 65599 | Zot:5    | Noticed an orb of fire
 65614 | Zot:5    | Killed an orb of fire
 65717 | Zot:5    | Noticed an orb of fire
 65727 | Zot:5    | Killed an orb of fire
 65795 | Zot:5    | Noticed an ancient lich
 65815 | Zot:5    | Killed an ancient lich
 65871 | Zot:5    | Reached skill level 15 in Dodging
 65901 | Zot:5    | Noticed a dread lich
 65912 | Zot:5    | Paralysed by a dread lich for 4 turns
 65920 | Zot:5    | Killed a dread lich
 65951 | Zot:5    | Noticed an orb of fire
 65954 | Zot:5    | Gained mutation: You occasionally lose the ability to drink
                  | potions when taking damage. [an orb of fire]
 65970 | Zot:5    | Killed an orb of fire
 66040 | Zot:5    | Noticed an orb of fire
 66043 | Zot:5    | Noticed a dread lich
 66048 | Zot:5    | Noticed an orb of fire
 66074 | Zot:5    | Gained mutation: You are clumsy. (Dex -2) [an orb of fire]
 66083 | Zot:5    | Killed an orb of fire
 66094 | Zot:5    | Killed an orb of fire
 66121 | Zot:5    | Killed a dread lich
 66270 | Zot:5    | Noticed an orb of fire
 66270 | Zot:5    | Noticed an orb of fire
 66303 | Zot:5    | Reached skill level 27 in Armour
 66313 | Zot:5    | Noticed an ancient lich
 66382 | Zot:5    | Gained mutation: You sometimes lose your temper in combat.
                  | [an orb of fire]
 66389 | Zot:5    | Gained mutation: Potions are less effective at restoring
                  | your health. [an orb of fire]
 66394 | Zot:5    | Killed an orb of fire
 66400 | Zot:4    | Lost mutation: You are clumsy. (Dex -2) [potion of
                  | mutation]
 66400 | Zot:4    | Lost mutation: You have a pair of small horns on your head.
                  | [potion of mutation]
 66400 | Zot:4    | Lost mutation: You are somewhat resistant to further
                  | mutation. [potion of mutation]
 66400 | Zot:4    | Lost mutation: You occasionally lose the ability to drink
                  | potions when taking damage. [potion of mutation]
 66400 | Zot:4    | Gained mutation: You are agile. (Dex +4, Str/Int -1)
                  | [potion of mutation]
 66400 | Zot:4    | Gained mutation: You are weak. (Str -2) [potion of
                  | mutation]
 66400 | Zot:4    | Gained mutation: You have supernaturally acute eyesight.
                  | (SInv) [potion of mutation]
 66400 | Zot:4    | Gained mutation: You are partially covered in iridescent
                  | scales. (AC +2) [potion of mutation]
 66400 | Zot:4    | Gained mutation: You have very sharp teeth. [potion of
                  | mutation]
 66401 | Zot:4    | Lost mutation: You sometimes lose your temper in combat.
                  | [potion of mutation]
 66401 | Zot:4    | Lost mutation: Potions are less effective at restoring your
                  | health. [potion of mutation]
 66401 | Zot:4    | Lost mutation: You have very sharp teeth. [potion of
                  | mutation]
 66401 | Zot:4    | Lost mutation: You are weak. (Str -2) [potion of mutation]
 66401 | Zot:4    | Lost mutation: You have supernaturally acute eyesight.
                  | (SInv) [potion of mutation]
 66401 | Zot:4    | Lost mutation: You are partially covered in iridescent
                  | scales. (AC +2) [potion of mutation]
 66401 | Zot:4    | Gained mutation: You are vulnerable to cold. (rC-) [potion
                  | of mutation]
 66401 | Zot:4    | Gained mutation: You sometimes lose your temper in combat.
                  | [potion of mutation]
 66401 | Zot:4    | Gained mutation: You have very sharp teeth. [potion of
                  | mutation]
 66402 | Zot:4    | Lost mutation: You are vulnerable to cold. (rC-) [potion of
                  | mutation]
 66402 | Zot:4    | Lost mutation: You are agile. (Dex +4, Str/Int -1) [potion
                  | of mutation]
 66402 | Zot:4    | Lost mutation: You sometimes lose your temper in combat.
                  | [potion of mutation]
 66402 | Zot:4    | Lost mutation: You have very sharp teeth. [potion of
                  | mutation]
 66402 | Zot:4    | Gained mutation: You have sharp toenails. [potion of
                  | mutation]
 66402 | Zot:4    | Lost mutation: You have sharp toenails. [potion of
                  | mutation]
 66402 | Zot:4    | Gained mutation: You occasionally lose the ability to drink
                  | potions when taking damage. [potion of mutation]
 66402 | Zot:4    | Gained mutation: You are robust. (+10% HP) [potion of
                  | mutation]
 66402 | Zot:4    | Gained mutation: You are partially covered in iridescent
                  | scales. (AC +2) [potion of mutation]
 66402 | Zot:4    | Gained mutation: Your system is resistant to poisons.
                  | (rPois) [potion of mutation]
 66402 | Zot:4    | Gained mutation: You have large cloven feet. [potion of
                  | mutation]
 66443 | Zot:5    | Killed an ancient lich
 66741 | Zot:5    | Killed an orb of fire
 67023 | Zot:5    | Lost mutation: You are robust. (+10% HP) [mutagenic glow]
 67034 | Zot:5    | Gained mutation: Your body sometimes deteriorates upon
                  | taking damage. [mutagenic glow]
 67049 | Zot:5    | Gained mutation: You possess an exceptional clarity of
                  | mind. [mutagenic glow]
 67117 | Zot:5    | Got the Orb of Zot
 67209 | Zot:3    | Paralysed by a Zot trap for 2 turns
 67600 | D:12     | Noticed a seraph
 67613 | D:12     | Noticed Lyehaodwa the pandemonium lord
 67764 | D:6      | Noticed a seraph
 67769 | D:6      | Killed a seraph
 67843 | D:3      | Found a transporter.
 67886 | D:$      | Escaped with the Orb!

Illustrated notes

Levels and vault maps discovered:
D:1:      minmay_arrival_wavy_path, layout_basic, minmay_domino_4
D:2:      layout_basic, minmay_strange_pillars
D:3:      layout_loops_ring, mainiacjoe_overflow_concentric_impassable,
          gammafunk_ghost_smash
D:4:      layout_basic, lemuel_round_altar, minmay_temple_entry_offerings,
          enter_ossuary_2, minmay_fire_ice_demons
D:5:      layout_basic, nicolae_dithmenos_shadow_blocks
D:6:      nicolae_cairo_tiling_large, layout_loops_ring, kennysheep_slug_shrine,
          dreamdust_princess_bridge, kennysheep_dice
D:7:      layout_loops_corners, uniq_menkaure
D:8:      layout_basic, general_overflow_altar, yredelemnul_altar_generic
D:9:      minmay_octagon_keep, layout_cave_pools, minmay_lair_entry_grove,
          guppyfry_shop_venom, uniq_erica
D:10:     layout_loops_ring, tgw_kikubaaqudgha, fedhas_altar_fruit_tree,
          mainiacjoe_overflow_catwalk
D:11:     layout_cave_pools, serial_shops, shop
D:12:     minmay_blocking_statues, layout_gridville, david_orc_3,
          dk_noncrumbling_3, dreamdust_mushroom_princess, minmay_hedge_maze
D:13:     layout_basic, skrybe_vaults_entry_preservation, serial_shops, shop
D:14:     layout_long_grid, minivault_19
D:15:     grunt_enter_depths_magical_seal, layout_irregular_city,
          lemuel_tele_altar, uniq_rupert, uniq_josephine
Temple:   cyrus_circular_temple
Lair:1:   gammafunk_indiana_jones, layout_long_grid
Lair:2:   layout_roguey, guppyfry_snake_entry_garden, st_stairs_13,
          forest_entry_grove
Lair:3:   layout_roguey, minmay_swamp_entry_worms, gammafunk_ghost_hydra_chop,
          beast_lair_carwin_9
Lair:4:   layout_loops_ring, grunt_forest_small_clearing_treed,
          serial_bayou_shore_a, lemuel_fruit_fields
Lair:5:   gammafunk_lair_ancient_temple, layout_cave_pods,
          nicolae_slime_entry_slimehenge, infiniplex_staircase_pool
Swamp:1:  layout_basic_swamp, basic_altar
Swamp:2:  layout_basic_swamp, nicolae_swamp_triple_paths, swamp_pool1,
          uniq_roxanne, uniq_jorgrun
Swamp:3:  layout_falls_marsh, evilmike_swamp_ruin_house_5
Swamp:4:  swamp_old_school, layout_basic_swamp, nicolae_swamp_very_dense_foliage
Snake:1:  layout_rooms, basic_altar, serial_shops,
          nicolae_shop_advertising_works [nicolae_subvault_shop_adworks],
          nicolae_snake_single_loop, grunt_ministairs_15, grunt_megastairs_4,
          uniq_frances, uniq_louise, uniq_aizul
Snake:2:  layout_misc_corridors, portal_ice_cave_entry_frozen_things
Snake:3:  nicolae_snake_attic_fulla_snakes, layout_cave_town, serial_shops,
          nicolae_shop_window_shopping, nicolae_shop_overgrown_old_shop,
          nicolae_shop_hallway_plus, nicolae_diamond_shop,
          nicolae_shop_waterfront, uniq_nikola
Snake:4:  snake_pit, layout_rooms, serial_shops, bzr_entry_customers,
          uniq_vashnia
Orc:1:    layout_caves, uniq_urug
Orc:2:    grunt_orc_tribal_feast, layout_caves, serial_shops, shop,
          gammafunk_ghost_berserking_beasts, nicolae_orc_lava_tube, uniq_snorg
Elf:1:    minmay_the_grid_octo_2x2 [minmay_the_grid_octo_pinwheel,
          minmay_the_grid_octo_clover, minmay_the_grid_octo_concentric,
          minmay_the_grid_octo_prize_ultimate_mussel_roller], layout_onion_city,
          minmay_elf_demonology
Elf:2:    nicolae_elf_blades_splatter_lattice
          [nicolae_blade_entry_hurt_lockers], layout_geoelf_octagon
Elf:3:    minmay_elf_hall_curves, layout_loops_cross, serial_co_window_serial,
          co_window_of_opportunity_a, co_window_paths_a, co_window_cross_1,
          co_window_paths_a, co_window_corner_a, co_window_corner_a,
          co_window_corner_b, co_window_broadway_c, co_window_2corner,
          co_window_corner_ca, co_window_corner_b, co_window_paths_e,
          glass_columns_b, glass_columns_a, glass_columns_a
Vaults:1: v_misc_4, ontoclasm_vaults_bender, st_quartered_hall,
          layout_vaults_chaotic_city, serial_shops, nicolae_shop_hallway_plus
Vaults:2: vaults_room_stairs_pillars, dpeg_vaults_pockets_of_resistance,
          vaults_room_ringed_pool, v_alt_pattern_3, ontoclasm_vaults_ring_small,
          vaults_mumra_lcd, v_misc_13, vaults_dpeg_diagonal, vaults_dpeg_cross,
          nicolae_vaults_big_ls, ontoclasm_vaults_misaligned, v_misc_33,
          hangedman_vaults_capsules, layout_vaults_omnicross
Vaults:3: minmay_crypt_entry_nasty_monster, vaults_room_large_hall,
          vaults_room_corners, nicolae_vaults_stairing_the_circle,
          vaults_room_large_hall, nicolae_vaults_ninety_degrees, v_pattern_3,
          vaults_room_large_hall, nicolae_vaults_yaktaur_gun_rack,
          nicolae_vaults_fighting_squares, nicolae_vaults_alarming,
          ontoclasm_vaults_twist, vaults_room_stairs_pillars,
          ontoclasm_vaults_loading_screen, layout_vaults_ring, serial_shops,
          nicolae_shop_crystal
Vaults:4: nicolae_vaults_disjoint_gnomons, nicolae_vaults_branching_niches,
          vaults_standard_mumra_lines, hangedman_vaults_stagger,
          vaults_dpeg_doors, v_misc_1, nicolae_vaults_three_branches,
          vaults_room_pool, v_misc_9, nicolae_vaults_ring_of_whatevers,
          layout_vaults_omnibox, serial_shops, shop
Vaults:5
Crypt:1:  layout_chaotic_city, gammafunk_ghost_necromancy, hellmonk_scarab_ruin,
          grunt_megastairs_3, uniq_sojobo
Crypt:2:  layout_misc_corridors, basic_altar, grunt_megastairs_5
Crypt:3:  david_glass_crypt, layout_misc_corridors
Depths:1: layout_gridlike, enter_ziggurat_b, grunt_mini_vestibule,
          abyss_entry_small_statue_room, amcnicky_mini_pool_small,
          nooodl_orcs_dogs, minmay_shop_star
Depths:2: nzn_winding_woodlands_medium [nzn_winding_woodlands_5x5_three,
          nzn_winding_woodlands_5x15_zeroes,
          nzn_winding_woodlands_5x5_checkerboard,
          nzn_winding_woodlands_5x5_perimeter,
          nzn_winding_woodlands_center_diamonds,
          nzn_winding_woodlands_hourglass, nzn_winding_woodlands_5x5_default,
          nzn_winding_woodlands_5x15_cabin, nzn_winding_woodlands_5x5_default],
          layout_gridville, hell_entry, pan_entry, bloody_trog,
          eino_tiny_chamber, nicolae_sextant, kennysheep_generic_room_3
Depths:3: gammafunk_the_bubble [the_bubble_gammafunk_roulette], layout_gridlike,
          pf_vacation_house_of_asmodeus, dk_noncrumbling_2, serial_shops,
          nicolae_shop_behind_doors, nicolae_abyss_entry_one_way_or_another,
          grunt_ministairs_8, uniq_josephina, uniq_mennas, uniq_xtahua
Depths:4: evilmike_zot_entry_basic, layout_basic, grunt_hell_entry_dis_mu,
          hex_tiny, nicolae_trove_entry_crystal
Zot:1:    layout_concentric_octagons
Zot:2:    layout_gridlike
Zot:3:    layout_onion
Zot:4:    grunt_zot_stairs_faceoff, layout_misc_corridors, grunt_megastairs_1,
          uniq_parghit
Zot:5:    layout_basic

Skill      XL: |  1  2  3  4  5  6  7  8  9 10 11 12 13 14 15 16 17 18 19 20 21 22 23 24 25 26 |
---------------+-------------------------------------------------------------------------------+-----
Throwing       | 1 2 3 5 |  5.0
Fighting       | 2 3 4 5 6 7 8 11 12 13 15 17 18 19 20 21 22 23 24 25 26 | 26.4
Long Blades    | 2 |  2.2
Armour         | 2 3 4 5 7 9 11 12 13 16 18 20 21 22 23 25 26 27 | 27.0
Maces & Flails | 2 3 4 6 7 9 11 12 13 14 | 14.0
Dodging        | 2 4 5 6 8 9 10 12 13 14 15 | 15.0
Invocations    | 4 5 8 10 11 12 14 15 | 15.0
Shields        | 5 6 10 12 14 15 | 15.0
Evocations     | 5 8 10 11 12 14 | 14.0
Spellcasting   | |  1.7
Translocations | |  3.0

Action                   |  1- 3 |  4- 6 |  7- 9 | 10-12 | 13-15 | 16-18 | 19-21 | 22-24 | 25-27 || total
-------------------------+-------+-------+-------+-------+-------+-------+-------+-------+-------++-------
Melee: Falchion          |    94 |       |       |       |       |       |       |       |       ||    94
       Tailslap          |    13 |     4 |    51 |   110 |   342 |   301 |   451 |   574 |   337 ||  2183
       Punch             |     1 |       |     4 |    10 |       |       |       |       |       ||    15
       Whip              |    21 |    47 |   332 |   591 |  1270 |       |       |       |       ||  2261
       Flail             |       |       |       |       |   228 |  1345 |  1804 |  2102 |  1191 ||  6670
       Headbutt          |       |       |       |       |       |       |       |       |   144 ||   144
       Kick              |       |       |       |       |       |       |       |       |    92 ||    92
Throw: Stone             |    13 |     3 |    33 |     9 |     2 |       |       |       |       ||    60
       Dart              |       |     3 |     2 |    11 |     2 |       |    12 |       |       ||    30
       Boomerang         |       |       |       |    27 |    14 |    36 |    30 |    19 |    28 ||   154
Invok: Disaster Area     |       |       |       |       |     2 |     5 |    14 |     8 |     5 ||    34
       Upheaval          |       |       |       |       |     1 |       |     1 |       |     1 ||     3
Evoke: Wand              |       |       |     1 |     4 |     7 |     5 |     3 |       |     8 ||    28
       Phantom mirror    |       |       |       |       |     1 |     4 |     1 |     2 |     3 ||    11
       Tin of tremorston |       |       |       |       |       |       |     5 |     4 |       ||     9
       Box of beasts     |       |       |       |       |       |       |     1 |       |     1 ||     2
       Lightning rod     |       |       |       |       |       |       |     3 |     4 |     1 ||     8
       Phial of floods   |       |       |       |       |       |       |       |       |     1 ||     1
  Use: Scroll            |     1 |       |    17 |     6 |    11 |     7 |    10 |     8 |    11 ||    71
       Potion            |       |       |       |     3 |     6 |    14 |    14 |     8 |    13 ||    58
 Stab: Sleeping          |     1 |       |       |       |       |       |       |       |       ||     1
       Invisible         |       |       |       |     1 |       |     4 |     9 |     1 |       ||    15
       Petrified         |       |       |       |       |     2 |       |       |       |       ||     2
       Petrifying        |       |       |       |       |     1 |       |       |       |       ||     1
       Paralysed         |       |       |       |       |       |       |       |       |     2 ||     2
       Distracted        |       |       |       |       |       |       |       |       |     1 ||     1
Armor: Leather armour    |    24 |       |       |    46 |    64 |       |       |       |       ||   134
       Scale mail        |    19 |     9 |    54 |    12 |   195 |   936 |   962 |  1048 |   276 ||  3511
       Plate armour      |       |       |       |    45 |   256 |       |       |       |       ||   301
       Gold dragon scale |       |       |       |       |       |       |       |       |   269 ||   269
Dodge: Dodged            |    59 |    28 |   139 |   217 |   474 |   841 |   771 |   934 |   365 ||  3828
       Repelled          |       |       |       |     1 |     5 |    58 |    36 |    29 |    26 ||   155
Block: Other             |       |       |     5 |    69 |       |       |       |       |       ||    74
       Buckler           |       |       |       |       |   769 |  1287 |       |       |       ||  2056
       Kite shield       |       |       |       |       |       |   145 |  2028 |  2188 |   997 ||  5358

Table legend: (Time is in decaauts)
 A = Elapsed time spent in this place.
 B = Non-inter-level travel time spent in this place.
 C = Inter-level travel time spent in this place.
 D = Time resting spent in this place.
 E = Time spent auto-exploring this place.
 F = Levels seen in this place.
 G = Mean time per level.
                   A        B        C        D        E       F      G
               +--------+--------+--------+--------+--------+-----+--------+
         Total |  66832 |  57895 |   8937 |   5836 |  32226 |  56 | 1193.4 |
       Dungeon |  15406 |  12618 |   2788 |    409 |   9036 |  15 | 1027.1 |
        Temple |     80 |     80 |      0 |      0 |     38 |   1 |   80.0 |
          Lair |   6019 |   5066 |    953 |    422 |   3397 |   5 | 1203.8 |
         Swamp |   3863 |   3633 |    230 |    336 |   2156 |   4 |  965.8 |
     Snake Pit |   5713 |   5382 |    331 |    885 |   2388 |   4 | 1428.2 |
  Orcish Mines |   2728 |   2084 |    644 |    194 |   1074 |   2 | 1364.0 |
   Elven Halls |   3103 |   2724 |    379 |     46 |   1478 |   3 | 1034.3 |
        Vaults |  10637 |   9080 |   1557 |   1097 |   4717 |   5 | 2127.4 |
         Crypt |   4355 |   3832 |    523 |    960 |   1667 |   3 | 1451.7 |
        Depths |   6991 |   5817 |   1174 |    461 |   3444 |   4 | 1747.8 |
           Zot |   7253 |   6900 |    353 |    989 |   2607 |   5 | 1450.6 |
         Abyss |    411 |    411 |      0 |     35 |     78 |   3 |  137.0 |
        Bazaar |     90 |     90 |      0 |      0 |     72 |   1 |   90.0 |
       Ossuary |    176 |    176 |      0 |      0 |     73 |   1 |  176.0 |
               +--------+--------+--------+--------+--------+-----+--------+

Top non-repeatable levels by time:
Vaults:3: 2473 daAuts
Vaults:4: 2460 daAuts
Vaults:2: 2243 daAuts
   Orc:2: 2079 daAuts
Depths:1: 1965 daAuts
Vaults:1: 1958 daAuts
   Zot:5: 1928 daAuts
Depths:2: 1837 daAuts
 Snake:3: 1836 daAuts
 Crypt:2: 1690 daAuts
 Snake:4: 1617 daAuts
Depths:4: 1616 daAuts
   Zot:4: 1593 daAuts
   Zot:1: 1576 daAuts
Depths:3: 1571 daAuts
